 Dungeon Crawl Stone Soup version 0.24-a0-235-g3f03afc (webtiles) character file.

Game seed: 5344749608478679257

2 Gorice the Chopper (level 1, -1/13 HPs)
             Began as a Gnoll Wanderer on Apr 6, 2019.
             Slain by a leopard gecko (4 damage)
             ... on level 1 of the Dungeon.
             The game lasted 00:00:48 (125 turns).

Gorice the Chopper (Gnoll Wanderer)                  Turns: 125, Time: 00:00:49

Health: -1/13      AC:  2    Str: 17    XL:     1   Next: 40%
Magic:  4/4        EV: 11    Int: 12    God:
Gold:   29         SH:  0    Dex: 13    Spells: 5/5 levels left

rFire    . . .     SeeInvis .   b - -1 short sword (curse)
rCold    . . .     Gourm    .   (no shield)
rNeg     . . .     Faith    .   d - +0 robe
rPois    .         Spirit   .   (no helmet)
rElec    .         Reflect  .   (no cloak)
rCorr    .         Harm     .   (no gloves)
MR       .....                  (no boots)
Stlth    ++........             (no amulet)
HPRegen  0.04/turn              (no ring)
MPRegen  0.09/turn              (no ring)

@: no status effects
A: distributed training, fangs 1, strong nose
a: no special abilities


You were on level 1 of the Dungeon.
You were not hungry.

You visited 1 branch of the dungeon, and saw 1 of its levels.

You collected 29 gold pieces.

Inventory:

Hand Weapons
 a - a +0 club
 b - a cursed -1 short sword (weapon)
 f - a +0 dagger
Missiles
 e - 8 bolts
Armour
 d - a +0 robe (worn)
Scrolls
 h - a scroll of teleportation {unknown}
Potions
 c - a potion of lignification {!q}
 i - a potion of heal wounds {unknown}
Comestibles
 g - a ration


   Skills:
 + Level 0.0 Fighting
 + Level 0.0 Short Blades
 + Level 0.0 Long Blades
 + Level 6.4 Axes
 + Level 0.0 Maces & Flails
 + Level 0.0 Polearms
 + Level 0.0 Staves
 + Level 0.0 Slings
 + Level 0.0 Bows
 + Level 0.0 Crossbows
 + Level 0.0 Throwing
 + Level 0.0 Armour
 + Level 0.0 Dodging
 + Level 4.0 Stealth
 + Level 0.0 Shields
 + Level 0.0 Unarmed Combat
 + Level 2.6 Spellcasting
 + Level 0.0 Conjurations
 + Level 3.6 Hexes
 + Level 0.0 Charms
 + Level 0.0 Summonings
 + Level 0.0 Necromancy
 + Level 0.0 Translocations
 + Level 3.6 Transmutations
 + Level 0.0 Fire Magic
 + Level 0.0 Ice Magic
 + Level 0.0 Air Magic
 + Level 0.0 Earth Magic
 + Level 0.0 Poison Magic
 + Level 0.1 Invocations
 + Level 0.0 Evocations


You had 5 spell levels left.
You didn't know any spells.
Your spell library contained the following spells:

 Spells                   Type           Power        Failure   Level  Hunger
 Corona                   Hex            ##.....      6%          1    #......
 Confuse                  Hex            ##......     17%         3    ###....
 Tukima's Dance           Hex            ##......     17%         3    ###....
 Ensorcelled Hibernation  Hex/Ice        #.....       19%         2    ###....
 Apportation              Tloc           #.....       26%         1    #......
 Dazzling Spray           Conj/Hex       #.....       34%         3    ###....
 Portal Projectile        Hex/Tloc       #.....       34%         3    ###....


Dungeon Overview and Level Annotations

Branches:
Dungeon (1/15)

Altars:


Innate Abilities, Weirdness & Mutations

Your experience applies equally to all skills.
You have very sharp teeth.
Your uncanny sense of smell can sniff out nearby items.


Message History

Why would you want to do that? Why would you want to do that?
Why would you want to do that?
You now have 29 gold pieces (gained 16).
Found a mace.
You see here a mace.
You see here a robe.
i - a smoky orange potion A goblin comes into view.
It is wielding a +0 dagger.
The goblin shouts!
The goblin hits you with a +0 dagger.
Damage: 2 (max 2)
You hit the goblin.
You kill the goblin!
No target in view!
No target in view!
No target in view!
No target in view!
No target in view!
Found 17 arrows.
A goblin comes into view. It is wielding a +0 dagger.
Found a scroll labeled LAITUS PUKHLA.
You see here 17 arrows.
Found 6 gold pieces.
The helpless goblin fails to defend itself.
You hit the goblin.
You kill the goblin!
No target in view!
No target in view!
No target in view!
No target in view!
No target in view!
No target in view!
No target in view!
A leopard gecko comes into view.
The leopard gecko bites you but does no damage.
You closely miss the leopard gecko. The leopard gecko bites you.
Damage: 4 (max 4)
You closely miss the leopard gecko. The leopard gecko bites you. x2
* * * LOW HITPOINT WARNING * * *
Damage: 5 (max 5)
You are too injured to fight recklessly!
You are too injured to fight recklessly!
You are too injured to fight recklessly!
You are too injured to fight recklessly!
You are too injured to fight recklessly!
You are too injured to fight recklessly!
You closely miss the leopard gecko. The leopard gecko barely misses you.
You barely miss the leopard gecko. The leopard gecko bites you.
You die...

#### ...# ...#
### ##...# ...
.....+ $. #....#
#. #.l..#
##.###@...#
#...?..####
#......# #......#
#......# #.#
#.)....# ...
####...########.#
##(..........+
#..########.#


You could see a leopard gecko.

Vanquished Creatures
  2 goblins (D:1)
2 creatures vanquished.

Notes
Turn   | Place    | Note
-------+----------+-------------------------------------------
     0 | D:1      | Gorice the Gnoll Wanderer began the quest for the Orb.
     0 | D:1      | Gorice set off with the following items: a +0 club, a
                  | potion of lignification {!q}, a +0 robe, a +0 dagger, a
                  | ration; and the following spells available to memorise:
                  | Corona, Confuse, Tukima's Dance, Ensorcelled Hibernation,
                  | Apportation, Dazzling Spray, Portal Projectile
     0 | D:1      | Reached XP level 1. HP: 13/13 MP: 4/4
   123 | D:1      | HP: 3/13 [leopard gecko (2)]
   125 | D:1      | Slain by a leopard gecko

Levels and vault maps discovered:
D:1:      giann_bridges, layout_basic

Action                   || total
-------------------------++-------
Melee: Short sword       ||     6
 Stab: Sleeping          ||     1
Armor: Robe              ||     1
Dodge: Dodged            ||     1

Table legend:
 A = Non-vault XP
 B = Vault XP
 C = Vault XP percentage of total XP
 D = Non-vault monster count
 E = Vault monster count
 F = Vault count percentage of total count
                 A         B        C        D         E       F
            +---------+---------+-------+---------+---------+-------
      Total |       4 |       0 |   0.0 |       2 |       0 |   0.0
            +---------+---------+-------+---------+---------+-------
        D:1 |       4 |       0 |   0.0 |       2 |       0 |   0.0
            +---------+---------+-------+---------+---------+-------

Table legend:
 A = Turns spent in this place as a percentage of turns spent in the entire game.
 B = Non-inter-level travel turns spent in this place as a percentage of non-inter-level travel turns spent in the entire game.
 C = Inter-level travel turns spent in this place as a percentage of turns spent in this place.
 D = Turns resting spent in this place as a percentage of non-inter-level travel turns spent in this place.
 E = Turns spent auto-exploring this place as a percentage of non-inter-level travel turns spent in this place.
 F = Non-inter-level travel turns spent in this place divided by the number of levels of this place that you've seen.
                   A       B       C       D       E      F
               +-------+-------+-------+-------+-------+----------------------
         Total | 100.0 | 100.0 |   0.0 |   0.0 |  53.6 | 125.0
       Dungeon | 100.0 | 100.0 |   0.0 |   0.0 |  53.6 | 125.0
               +-------+-------+-------+-------+-------+----------------------

Levels and vault maps discovered:
D:1:      giann_bridges, layout_basic
